 Dungeon Crawl Stone Soup version 0.25.1-2-g60ff931df9 (webtiles) character file.

Game seed: 3816134214340479836

221 gruber the Stinger (level 5, -1/31 HPs)
             Began as an Octopode Venom Mage on Dec 1, 2020.
             Slain by a centaur skeleton (5 damage)
             ... on level 4 of the Dungeon.
             The game lasted 00:04:09 (3420 turns).

gruber the Stinger (Octopode Venom Mage)            Turns: 3420, Time: 00:04:10

Health: -1/31      AC:  1    Str:  8    XL:     5   Next: 98%
Magic:  8/8        EV: 13    Int: 18    God:
Gold:   285        SH:  0    Dex: 12    Spells: 0/8 levels left

rFire    . . .     SeeInvis .   j - +3 dagger
rCold    . . .     Gourm    .   (no shield)
rNeg     . . .     Faith    .   (helmet restricted)
rPois    .         Spirit   .   g - amulet of magic regeneration
rElec    .         Reflect  .   (no ring)
rCorr    .         Harm     .   (no ring)
MR       .....                  (no ring)
Stlth    +++.......             (no ring)
HPRegen  0.10/turn              (no ring)
MPRegen  0.36/turn              (no ring)
                                (no ring)
                                (no ring)

@: no status effects
A: almost no armour, stealthy swim, amphibious, 8 rings, constrict 8, camouflage
1, gelatinous body 1
a: no special abilities


You were on level 4 of the Dungeon.
You were hungry.

You visited 1 branch of the dungeon, and saw 4 of its levels.

You collected 285 gold pieces.

Inventory:

Hand Weapons
 f - a +1 dagger of freezing
 j - a +3 dagger (weapon)
Jewellery
 g - an amulet of magic regeneration (around mantle)
Scrolls
 a - a scroll of blinking {unknown}
 d - a scroll of fear {unknown}
 e - a scroll of identify {unknown}
 h - a scroll of immolation {unknown}
 i - 3 scrolls of remove curse {unknown}
 k - a scroll of noise {unknown}
 l - 2 scrolls of teleportation {unknown}
Potions
 c - a potion of resistance {unknown}
 m - 2 potions of cancellation {unknown}
 n - 2 potions of curing
Comestibles
 b - 2 rations
 o - a chunk of flesh


   Skills:
 - Level 2.0 Dodging
 - Level 2.6 Stealth
 - Level 2.0 Spellcasting
 - Level 1.0 Transmutations
 * Level 7.8 Poison Magic


You couldn't memorise any spells.
You knew the following spells:

 Your Spells              Type           Power        Failure   Level  Hunger
a - Sting                 Tmut/Pois      ###.         3%          1    #......
b - Olgreb's Toxic Radia  Pois           ####....     8%          4    #####..
c - Mephitic Cloud        Conj/Pois/Air  ##......     19%         3    ###....

Your spell library contained the following spells:

 Spells                   Type           Power        Failure   Level  Hunger
 Poisonous Vapours        Pois/Air       ###...       5%          2    ###....
 Ignite Poison            Fire/Tmut/Pois ##......     16%         3    ###....
 Confusing Touch          Hex            #.......     47%         3    ###....
 Gell's Gravitas          Tloc           #.........   47%         3    ###....
 Petrify                  Tmut/Erth      #.......     82%         4    #####..
 Metabolic Englaciation   Hex/Ice        #.........   99%         5    ######.
 Yara's Violent Unravell  Hex/Tmut       #.........   99%         5    ######.


Dungeon Overview and Level Annotations

Branches:
Dungeon (4/15)
 Temple: D:4-7

Altars:
Gozag
Okawaru
Xom

Annotations:
D:2 Sigmund
D:3 1 runed translucent door, spanik's ghost, amateur OpAs


Innate Abilities, Weirdness & Mutations

You cannot wear most types of armour.
You are very stealthy in the water. (Stealth+)
You are amphibious.
You can wear up to eight rings at the same time.
You can use your tentacles to constrict eight enemies at once.
Your skin changes colour to match your surroundings (Stealth+).
Your rubbery body absorbs attacks. (AC +1, EV +1)


Message History

The centaur skeleton hits you.
You are too injured to fight recklessly!
You are too injured to fight recklessly!
You are too injured to fight recklessly!
You hit the centaur skeleton but do no damage.
The centaur skeleton is severely damaged.
The centaur skeleton hits you.
You hit the centaur skeleton.
The centaur skeleton is severely damaged.
The centaur skeleton completely misses you.
The centaur skeleton barely misses you.
You hit the centaur skeleton.
You squeeze the centaur skeleton, but do no damage.
The centaur skeleton is severely damaged.
The centaur skeleton hits you!
* * * LOW HITPOINT WARNING * * *
You hit the centaur skeleton.
The centaur skeleton is almost destroyed.
The centaur skeleton hits you.
You die...

###.......................##.
##.......................#.
#####.......<.............
#..##.................
#######.....##.............
#..#..#..#..###............
##.....#..##./..............
#................>. .......
###.#...รท..@.....## .......
#.##.....Z....... ......
###.............. ...
#.............. ...
#........$.....# ...
##.............# ...
#..............
###............
..............


You could see a centaur skeleton.

Vanquished Creatures
  Natasha (thrice) (D:4)
  A worker ant (D:4)
  A gnoll (D:3)
  3 adders
  A worm (D:3)
  A dart slug (D:1)
  2 leopard geckos
  4 orcs
  A ball python (D:1)
  8 bats
  6 giant cockroaches
  7 goblins
  3 hobgoblins (D:3)
  14 jackals
  2 ball python skeletons (D:4)
  5 frilled lizards
  4 kobolds
  5 rats
71 creatures vanquished.

Notes
Turn   | Place    | Note
-------+----------+-------------------------------------------
     0 | D:1      | gruber the Octopode Venom Mage began the quest for the Orb.
     0 | D:1      | Reached XP level 1. HP: 11/11 MP: 3/3
   276 | D:1      | Reached skill level 4 in Poison Magic
   278 | D:1      | Reached XP level 2. HP: 17/17 MP: 1/5
  1219 | D:2      | Noticed Sigmund
  1317 | D:3      | Reached skill level 5 in Poison Magic
  1317 | D:3      | Reached XP level 3. HP: 12/21 MP: 6/6
  2079 | D:3      | Reached XP level 4. HP: 27/27 MP: 7/7
  2085 | D:3      | Learned a level 4 spell: Olgreb's Toxic Radiance
  2443 | D:3      | Reached skill level 6 in Poison Magic
  2526 | D:3      | Found a runed translucent door.
  2526 | D:3      | Noticed spanik's ghost (amateur OpAs)
  2864 | D:4      | Noticed Natasha
  2872 | D:4      | Killed Natasha
  2872 | D:4      | Reached XP level 5. HP: 25/31 MP: 2/8
  3082 | D:4      | Learned a level 3 spell: Mephitic Cloud
  3097 | D:4      | Noticed an ogre
  3114 | D:4      | Noticed Natasha
  3126 | D:4      | Killed Natasha
  3126 | D:4      | Reached skill level 7 in Poison Magic
  3210 | D:4      | Noticed Natasha
  3221 | D:4      | Killed Natasha
  3401 | D:4      | Found a shimmering altar of Xom.
  3402 | D:4      | Found an opulent altar of Gozag.
  3402 | D:4      | Found an iron altar of Okawaru.
  3420 | D:4      | Slain by a centaur skeleton

Illustrated notes

Levels and vault maps discovered:
D:1:      lightli_arrival_isolated_outpost, layout_basic
D:2:      layout_rooms, chequers_ecumenical_altar_simple_redux, uniq_sigmund
D:3:      minmay_chambers_of_twos, layout_basic, hellmonk_ghost_happy_afterlife
D:4:      kennysheep_the_goblin_king, layout_cave_pools,
          chequers_temple_overflow_statue_of_worship, elyvilon_altar_1,
          uniq_natasha

Skill      XL: |  1  2  3  4  5 |
---------------+----------------+-----
Poison Magic   | 4 5 6 7 |  7.8
Dodging        | |  2.0
Stealth        | |  2.6
Spellcasting   | |  2.0
Transmutations | |  1.0

Action                   |  1- 3 |  4- 6 || total
-------------------------+-------+-------++-------
Melee: Unarmed           |    29 |       ||    29
       Constrict         |    21 |    14 ||    35
       Tentacles         |     9 |    10 ||    19
       Dagger            |    44 |    50 ||    94
 Cast: Sting             |    21 |     8 ||    29
       Olgreb's Toxic Ra |       |    11 ||    11
 Stab: Sleeping          |     8 |     3 ||    11
       Distracted        |     1 |       ||     1
  Eat: Chunk             |     4 |     3 ||     7
       Ration            |       |     1 ||     1
Armor: Skin              |    14 |     6 ||    20
Dodge: Dodged            |    65 |    32 ||    97
